Map: Ulrena

Players

MMA - Winner!

  • Race: Terran Terran

Elazer

  • Race: Zerg Zerg
  • League: Grandmaster

Event: Homestory Cup XII

VOD

Have the link to the VOD?

Description

Time

  • Played on: Dec. 20, 2015, 2:30 p.m.
  • Length: 5:54

All games in this series

Show
View Real Time Build Order
Export as new Build Order

MMA Terran - Winner!

Build Orders: Reaper Expand 

Get SALT Encoding   

  12  0:01  SCV  
  13  0:14  SCV  
  14  0:17  Supply Depot  
  14  0:26  SCV  
  15  0:39  SCV  
  15  0:41  Barracks  
  16  0:45  Refinery  
  16  0:51  SCV  
  17  1:03  SCV  
  18  1:15  SCV  
  19  1:27  Orbital Command  
  19  1:28  Reaper  
  20  1:40  Command Center  
  20  1:51  Supply Depot  
  20  1:53  SCV  
  21  2:00  Marine  
  22  2:05  Factory  
  22  2:08  SCV  
  22  2:12  Refinery  
  23  2:20  SCV  
  23  2:22  Barracks Reactor  
  24  2:33  SCV  
  25  2:45  SCV  
  25  2:50  Starport  
  25  2:53  Factory Tech Lab  
  25  2:57  SCV  
  26  3:03  Bunker  
  26  3:05  Marine x2  
  26  3:07  Orbital Command  
  26  3:09  SCV  
  29  3:15  Siege Tank  
  32  3:21  SCV  
  32  3:24  Marine  
  32  3:25  Marine  
  35  3:33  Bunker  
  34  3:35  Supply Depot  
  34  3:36  Medivac  
  36  3:42  Marine x2  
  38  3:51  Supply Depot  
  38  3:56  Siege Tank  
  38  4:00  Marine x2  
  43  4:07  Liberator  
  43  4:13  SCV x2  
  44  4:18  Marine x2  
  47  4:37  SCV x2  
  49  4:39  Marine x2  
  51  4:49  SCV x2  
  51  4:52  Siege Tank  
  56  4:56  Marine  
  56  4:57  Marine  
  58  5:06  SCV x2  
  60  5:07  Barracks x2  
  60  5:14  Marine x2  
  62  5:24  Supply Depot  
  62  5:27  SCV  
  62  5:35  Marine  
  62  5:39  SCV  
  63  5:51  Supply Depot  
Show
View Real Time Build Order
Export as new Build Order

Elazer Zerg 

Build Orders: Hatch First 

Get SALT Encoding   

  12  0:00  Drone  
  13  0:13  Overlord  
  13  0:18  Drone  
  14  0:31  Drone x2  
  17  0:35  Drone  
  17  0:53  Hatchery  
  17  0:55  Drone  
  17  0:58  Drone  
  18  1:09  Extractor  
  17  1:13  Spawning Pool  
  17  1:16  Drone  
  17  1:19  Drone  
  18  1:28  Drone  
  19  1:40  Overlord  
  19  2:00  Queen  
  19  2:01  Zergling x4  
  23  2:04  Queen  
  23  2:05  Zergling x2  
  26  2:12  Drone  
  28  2:15  Drone  
  28  2:22  Drone  
  29  2:28  Roach Warren  
  28  2:31  Drone  
  28  2:33  Drone  
  30  2:41  Drone  
  31  2:48  Drone  
  31  2:49  Drone  
  32  2:54  Overlord  
  32  3:02  Overlord  
  30  3:10  Roach x3  
  36  3:14  Roach x2  
  36  3:18  Roach x2  
  44  3:23  Roach x2  
  48  3:35  Roach  
  48  3:36  Overlord  
  48  3:38  Ravager  
  48  3:39  Drone  
  52  3:55  Drone x3  
  55  4:00  Hatchery  
  55  4:01  Drone x2  
  57  4:02  Drone  
  49  4:19  Drone x3  
  49  4:20  Drone  
  49  4:23  Queen  
  46  4:27  Drone  
  46  4:28  Drone  
  46  4:30  Drone  
  49  4:36  Roach  
  51  4:40  Overlord  
  51  4:43  Spine Crawler, Ravager, Extractor  
  51  4:44  Extractor  
  49  4:46  Roach  
  51  4:56  Overlord x2  
  52  5:11  Queen  
  54  5:16  Roach x6  
  64  5:22  Roach  
  66  5:29  Roach  
Tags
 
Add a new tag
Caveats
  • Supply blocks, unpowered buildings, or Contaminate may cause inaccurate times.
  • Supply counts are checked every 10 seconds.